 Dungeon Crawl Stone Soup version 0.29-a0-96-g93358da72b (webtiles) character file.

Game seed: 13291633339457825944

2667 siradein the Ducker (level 9, -1/66 (69) HPs)
             Began as a Merfolk Transmuter on Feb 10, 2022.
             Was a Priest of Makhleb.
             Succumbed to a water moccasin's poison
             ... on level 6 of the Dungeon.
             The game lasted 00:35:55 (8891 turns).

siradein the Ducker (Merfolk Transmuter)            Turns: 8891, Time: 00:35:55

HP:   -1/66 (69)    AC:  8    Str: 15    XL:     9   Next: 63%
MP:   15/17         EV: 15    Int: 17    God:    Makhleb [***...]
Gold: 543           SH:  0    Dex: 14    Spells: 3/18 levels left

rFire   + + .      SeeInvis .   j - +8 dagger of Pigohedgh {flame, rF++ Str+5}
rCold   . . .      Faith    .   (no shield)
rNeg    . . .      Spirit   .   q - +1 animal skin
rPois   .          Reflect  .   n - +0 helmet
rElec   .          Harm     .   (no cloak)
rCorr   .          Rampage  .   y - +2 pair of gloves
Will    .....                   k - +0 pair of boots
Stlth   +.........              (no amulet)
HPRegen 0.21/turn               (no ring)
MPRegen 0.15/turn               (no ring)

@: lethally poisoned (-1 -> -24), lightly drained
A: (nimble swimmer 2), mertail
a: Renounce Religion, Minor Destruction, Lesser Servant of Makhleb


You were on level 6 of the Dungeon.
You worshipped Makhleb.
Makhleb was most pleased with you.
You visited 1 branch of the dungeon, and saw 6 of its levels.
You also visited: Sewer.

You collected 633 gold pieces.
You spent 90 gold pieces at shops.

Inventory:

Hand Weapons
 i - the +10 hand axe of Destiny {venom, +Blink rF- Int+5}
   (You found it on level 2 of the Dungeon)

   It poisons the flesh of those it strikes.
   Int:       It affects your intelligence (+5).
   rF:        It makes you vulnerable to fire.
   +Blink:    It lets you blink.
 j - the +8 dagger of Pigohedgh (weapon) {flame, rF++ Str+5}
   (You found it on level 2 of the Dungeon)

   It burns those it strikes, dealing additional fire damage.
   Str:       It affects your strength (+5).
   rF:        It greatly protects you from fire.
Missiles
 l - 34 poisoned darts
Armour
 k - a +0 pair of boots (worn)
 n - a +0 helmet (worn)
 q - a +1 animal skin (worn)
 y - a +2 pair of gloves (worn)
Wands
 w - a wand of digging (8)
 A - a wand of flame (17)
Scrolls
 e - a scroll of amnesia {unknown}
 o - 2 scrolls of vulnerability {unknown}
 p - 3 scrolls of acquirement {unknown}
 t - 3 scrolls of magic mapping {unknown}
 x - a scroll of immolation {unknown}
 C - 2 scrolls of teleportation {unknown}
Potions
 a - a potion of haste
 c - 2 potions of resistance {unknown}
 d - a potion of flight {unknown}
 g - a potion of lignification {unknown}
 m - 2 potions of cancellation {unknown}
 r - 2 potions of brilliance {unknown}
 s - 3 potions of might {unknown}
 u - a potion of curing
 v - 2 potions of mutation {unknown}
 z - a potion of invisibility {unknown}
 B - 2 potions of heal wounds {unknown}
 D - a potion of degeneration {unknown}


   Skills:
 + Level 6.0 Fighting
 + Level 7.8 Dodging
 + Level 6.8 Unarmed Combat
 + Level 5.3 Spellcasting
 + Level 7.7 Transmutations
 - Level 3.4 Poison Magic


You had 3 spell levels left.
You knew the following spells:

 Your Spells              Type           Power      Damage    Failure   Level
a - Beastly Appendage     Tmut           60%        N/A       1%          1
b - Wereblood             Tmut           30%        N/A       1%          2
c - Spider Form           Tmut/Pois      23%        N/A       4%          3
d - Ice Form              Ice/Tmut       17%        N/A       28%         4
e - Irradiate             Conj/Tmut      8%         3d16      61%         5

Your spell library contained the following spells:

 Spells                   Type           Power      Damage    Failure   Level
 Animate Skeleton         Necr           8%         N/A       14%         1
 Apportation              Tloc           8%         N/A       14%         1
 Foxfire                  Conj/Fire      16%        2x1d4     14%         1
 Summon Small Mammal      Summ           16%        N/A       14%         1
 Static Discharge         Conj/Air       4%         N/A       21%         2
 Sublimation of Blood     Necr           4%         N/A       21%         2
 Petrify                  Tmut/Erth      17%        N/A       28%         4
 Dispel Undead            Necr           4%         3d7       80%         4
 Sticky Flame             Conj/Fire      4%         2d3       80%         4


Dungeon Overview and Level Annotations

Branches:
Dungeon (6/15)              Sewer (visited)
 Temple: D:4-7

Altars:
Kikubaaqudgha
Makhleb
Ru
Sif Muna
Trog
Vehumet
Zin


Innate Abilities, Weirdness & Mutations

((You are very nimble when in or above water. (Stealth+, EV+, Speed+++)))
Your lower body shifts to a powerful aquatic tail in water.


Message History

Your +0 pair of boots melds into your body.
Your +1 animal skin melds into your body.
The +8 dagger of Pigohedgh {flame, rF++ Str+5} stops flaming.
The wight completely misses you. The wight completely misses you.
The wight completely misses you. The wight completely misses you.
There is a fountain of clear blue water here.
The wight misses you.
Your transformation is almost over.
Your primal bloodlust is almost over.
You see here a +0 hand axe.
A water moccasin comes into view.
Your primal bloodlust has ended.
An ogre comes into view. It is wielding a +0 giant club.
You barely miss the water moccasin.
The water moccasin completely misses you.
The wight hits you with a +0 battleaxe!
* * * LOW HITPOINT WARNING * * *
The water moccasin completely misses you.
The ogre shouts!
You hit the water moccasin.
The water moccasin is moderately wounded.
The water moccasin bites you!
* * * LOW HITPOINT WARNING * * *
You are lethally poisoned!
The water moccasin poisons you! The wight completely misses you.
Blink to where?
Press: ? - help, Dir - move target
As you read the scroll of blinking, it crumbles to dust.
Your transformation has ended.
The +8 dagger of Pigohedgh {flame, rF++ Str+5} unmelds from your body.
Your +0 helmet unmelds from your body.
Your +2 pair of gloves unmelds from your body.
Your +0 pair of boots unmelds from your body.
Your +1 animal skin unmelds from your body.
The +8 dagger of Pigohedgh {flame, rF++ Str+5} bursts into flame!
* * * LOW HITPOINT WARNING * * *
You feel extremely sick.
You die...

## #. . .##. #
.#.##### .
......# .
#.#.#...# ...
###.#.#...###...
........<....#.#
##.....@......#
##.........#.#
####.O.####.#
#...# #..
#...###..
########........
........S.####.#
########.## #.#
#z# #)#


You could see a water moccasin and an ogre.

Vanquished Creatures
  Pikel (D:3)
  Grinder (Sewer)
  Sigmund (D:3)
  2 orc warriors (D:5)
  A black bear (D:4)
  2 necrophages
  3 lemures
  A phantom (D:5)
  A kobold brigand (Sewer)
  2 scorpions (D:5)
  A water moccasin zombie (D:5)
  4 wights
  A bullfrog zombie (D:5)
  5 hounds
  2 orc priests (D:5)
  A bullfrog skeleton (D:5)
  Jessica (D:2)
  A scorpion zombie (D:4)
  Terence (D:1)
  4 iguanas
  8 orc wizards
  3 hound skeletons
  Robin (D:3)
  4 adders
  4 gnolls
  A shadow imp (Sewer)
  A white imp (D:5)
  3 ufetubi
  An adder skeleton (D:5)
  An adder zombie (Sewer)
  A worm (D:3)
  4 dart slugs
  18 orcs
  6 ball pythons
  6 bats
  11 endoplasms
  4 giant cockroaches
  7 goblins
  15 hobgoblins
  3 quokkas
  4 frilled lizards
  A giant cockroach zombie (Sewer)
  25 kobolds
  3 kobold zombies (Sewer)
  11 rats
182 creatures vanquished.

Notes
Turn   | Place    | Note
-------+----------+-------------------------------------------
     0 | D:1      | siradein the Merfolk Transmuter began the quest for the
                  | Orb.
     0 | D:1      | Reached XP level 1. HP: 15/15 MP: 3/3
   269 | D:1      | Reached XP level 2. HP: 21/21 MP: 3/5
   850 | D:1      | Found a faded altar of an unknown god.
   925 | D:1      | Reached XP level 3. HP: 26/26 MP: 4/6
  1482 | D:2      | Noticed Terence
  1756 | D:2      | Identified the +10 hand axe of Destiny {venom, +Blink rF-
                  | Int+5}
  2051 | D:2      | Identified the +8 dagger of Pigohedgh {flame, rF++ Str+5}
  2248 | D:2      | Noticed Jessica
  2274 | D:2      | Killed Jessica
  2275 | D:2      | Reached XP level 4. HP: 16/33 MP: 7/7
  2406 | D:2      | Learned a level 2 spell: Wereblood
  2410 | D:2      | Learned a level 3 spell: Spider Form
  2579 | D:1      | Killed Terence
  3047 | D:2      | Reached XP level 5. HP: 33/38 MP: 6/8
  3330 | D:3      | Found a burning altar of Makhleb.
  3430 | D:3      | Became a worshipper of Makhleb the Destroyer
  3570 | D:3      | Reached skill level 1 in Poison Magic
  3673 | D:3      | Noticed Sigmund
  3686 | D:3      | Killed Sigmund
  3687 | D:3      | Reached XP level 6. HP: 30/47 MP: 10/10
  3851 | D:3      | Learned a level 4 spell: Ice Form
  4528 | D:4      | Noticed Robin
  4535 | D:4      | Reached * piety under Makhleb
  4562 | D:3      | Killed Robin
  4563 | D:3      | Reached XP level 7. HP: 41/51 MP: 8/11
  4890 | D:4      | Reached skill level 5 in Transmutations
  4892 | D:4      | Reached skill level 5 in Dodging
  5060 | D:4      | Found a bloodstained altar of Trog.
  5313 | D:4      | Found Zin's Purification Station.
  5326 | D:4      | Found a glowing silver altar of Zin.
  5329 | D:4      | Bought a potion of curing for 90 gold pieces
  5467 | D:4      | Noticed Pikel
  5531 | D:3      | Killed Pikel
  5532 | D:3      | Reached skill level 5 in Unarmed Combat
  5532 | D:3      | Reached XP level 8. HP: 21/60 MP: 11/14
  5878 | D:4      | Found a sacrificial altar of Ru.
  6108 | D:5      | Entered Level 5 of the Dungeon
  6248 | D:5      | Reached ** piety under Makhleb
  6599 | D:5      | Found a glowing drain.
  6603 | Sewer    | Entered a sewer
  6852 | Sewer    | Reached skill level 5 in Fighting
  6864 | Sewer    | Found an ancient bone altar of Kikubaaqudgha.
  7013 | Sewer    | Noticed Grinder
  7015 | Sewer    | Paralysed by Grinder for 5 turns
  7036 | Sewer    | Paralysed by Grinder for 3 turns
  7044 | Sewer    | Paralysed by Grinder for 6 turns
  7059 | Sewer    | Paralysed by Grinder for 6 turns
  7062 | Sewer    | Killed Grinder
  7063 | Sewer    | Reached XP level 9. HP: 12/68 MP: 11/16
  7739 | D:5      | Learned a level 5 spell: Irradiate
  8007 | D:5      | Reached skill level 5 in Spellcasting
  8604 | D:6      | Found an ancient bone altar of Kikubaaqudgha.
  8631 | D:6      | Found a shimmering blue altar of Sif Muna.
  8663 | D:6      | Found a radiant altar of Vehumet.
  8797 | D:6      | Got Vehumet's Compendium of Attacks
  8841 | D:6      | Reached *** piety under Makhleb
  8890 | D:6      | HP: 3/66 [poisoned by a water moccasin]
  8891 | D:6      | Succumbed to a water moccasin's poison

Illustrated notes

Levels and vault maps discovered:
D:1:      lemuel_arrival_muddy, layout_loops_corners,
          shapermc_ecumenical_altar_mp_highgroup
D:2:      layout_loops_ring, minmay_increasing_density, uniq_jessica,
          uniq_terence
D:3:      layout_rooms, bloody_makhleb, uniq_sigmund
D:4:      layout_rooms, zin_purify, mainiacjoe_overflow_catwalk,
          mainiacjoe_overflow_alcove_1, uniq_robin, uniq_pikel
D:5:      minmay_polygon_palace, layout_loops_ring, gup_sewer_entry_bowl,
          st_stairs_9, columned_hall_lemuel, hangedman_decor_lopped
D:6:      layout_loops_ring, palyth_temple_overflow_mages,
          okawaru_altar_gauntlet_db, uniq_maggie

Skill      XL: |  1  2  3  4  5  6  7  8  9 |
---------------+----------------------------+-----
Transmutations | 3 4 5 6 7 |  7.7
Dodging        | 3 4 5 7 |  7.8
Fighting       | 2 3 4 5 6 |  6.0
Unarmed Combat | 4 5 6 |  6.8
Poison Magic   | 1 2 3 |  3.4
Spellcasting   | 3 4 5 |  5.3

Action                   |  1- 3 |  4- 6 |  7- 9 || total
-------------------------+-------+-------+-------++-------
Melee: Unarmed           |    53 |       |   158 ||   211
       Headbutt          |    15 |    14 |    24 ||    53
       Dagger            |    27 |   102 |   179 ||   308
       Hand axe          |     7 |       |       ||     7
       Punch             |     1 |     4 |     5 ||    10
       Tailslap          |       |       |     3 ||     3
Throw: Dart              |     4 |     3 |       ||     7
 Cast: Beastly Appendage |    25 |    27 |    22 ||    74
       Wereblood         |       |     1 |    16 ||    17
       Spider Form       |       |       |    24 ||    24
  Use: Scroll            |       |       |     5 ||     5
 Stab: Sleeping          |     2 |     1 |     1 ||     4
Armor: Robe              |     6 |       |       ||     6
       Leather armour    |    15 |    21 |       ||    36
       Ring mail         |       |     2 |       ||     2
       Animal skin       |       |       |    41 ||    41
       Skin              |       |       |    13 ||    13
Dodge: Dodged            |    69 |    73 |   289 ||   431

Table legend: (Time is in decaauts)
 A = Elapsed time spent in this place.
 B = Non-inter-level travel time spent in this place.
 C = Inter-level travel time spent in this place.
 D = Time resting spent in this place.
 E = Time spent auto-exploring this place.
 F = Levels seen in this place.
 G = Mean time per level.
                   A        B        C        D        E       F      G
               +--------+--------+--------+--------+--------+-----+--------+
         Total |   8842 |   8490 |    352 |    983 |   5287 |   7 | 1263.1 |
       Dungeon |   7975 |   7623 |    352 |    964 |   4644 |   6 | 1329.2 |
         Sewer |    866 |    866 |      0 |     19 |    642 |   1 |  866.0 |
               +--------+--------+--------+--------+--------+-----+--------+

Top non-repeatable levels by time:
     D:1: 1794 daAuts
     D:2: 1727 daAuts
     D:3: 1533 daAuts
     D:5: 1530 daAuts
     D:4: 1053 daAuts
   Sewer: 866 daAuts
     D:6: 336 daAuts
